 Dungeon Crawl Stone Soup version 0.20-a0-671-g993d97e (webtiles) character file.

6950 Firebatgyro the Grappler (level 10, -5/70 HPs)
             Began as a Demonspawn Monk on Jan 9, 2017.
             Was a Priest of Ieoh Jian.
             Killed from afar by a fire dragon (18 damage)
             ... with a blast of flame
             ... in a volcano.
             The game lasted 00:16:04 (7729 turns).

Firebatgyro the Grappler (Demonspawn Monk)          Turns: 7729, Time: 00:16:05

Health: -5/70      AC: 14    Str: 16    XL:     10   Next: 80%
Magic:  0/10       EV:  7    Int: 11    God:    Ieoh Jian [***...]
Gold:   495        SH:  9    Dex: 15    Spells: 9/9 levels left

rFire  + . .     SeeInvis .       - Unarmed
rCold  . . .     Gourm    .     r - +1 scale mail
rNeg   . . .     Faith    .     g - +2 shield
rPois  .         Spirit   +     t - +0 helmet
rElec  .         Reflect  .     p - +0 cloak
rCorr  .         Harm     .     (gloves unavailable)
MR     .....                    (no boots)
Stlth  +.........               (no amulet)
                                c - +5 ring of protection
                                m - ring of fire

@: no status effects
A: claws 3, talons 1, cold resistance 1, magic shield
a: Renounce Religion


You were in a volcano.
You worshipped Ieoh Jian.
Ieoh Jian was most pleased with you.
You were not hungry.

You visited 2 branches of the dungeon, and saw 9 of its levels.
You also visited: Volcano.

You collected 495 gold pieces.

Inventory:

Hand Weapons
 o - a +4 scimitar of flaming
Armour
 g - a +2 shield (worn)
 p - a +0 cloak (worn)
 r - a +1 scale mail (worn)
 t - a +0 helmet (worn)
Jewellery
 c - a +5 ring of protection (right claw)
 e - an uncursed ring of magical power
 i - an uncursed ring of stealth
 m - a ring of fire (left claw)
 y - an uncursed ring of protection from cold
Scrolls
 d - 4 scrolls of identify
 j - 3 scrolls of remove curse
 q - 3 scrolls of amnesia
 s - 4 scrolls of teleportation
 D - 2 scrolls of magic mapping
Potions
 a - a potion of brilliance
 h - a potion of lignification
 k - 2 potions of flight
 n - 2 potions of might
 v - a potion of magic {unknown}
 w - a potion of cure mutation {unknown}
 x - 2 potions of ambrosia {unknown}
 z - a potion of agility {unknown}
 A - a potion of invisibility
 C - a potion of mutation {unknown}
Comestibles
 b - 4 bread rations
 f - 2 beef jerkies
 l - 7 meat rations


   Skills:
 - Level 3.0 Fighting
 - Level 2.6 Dodging
 - Level 1.7 Stealth
 + Level 14.7 Unarmed Combat


You had 9 spell levels left.
You didn't know any spells.

Dungeon Overview and Level Annotations

Branches:
Dungeon (8/15)             Temple (0/1) D:6            Lair (1/6) D:8

Altars:
Ashenzari Ieoh Jian
Kikubaaqudgha
Nemelex Xobeh
Vehumet


Innate Abilities, Weirdness & Mutations

You have claws for hands.
You have sharp toenails.
Your flesh is cold resistant. (rC+)
When hurt, damage is shared between your health and your magic reserves.


Message History

You mangle the fire dragon!!
You claw the fire dragon, but do no damage.
The fire dragon is severely wounded.
You block the fire dragon's attack.
The fire dragon claws you but does no damage.
The fire dragon tramples you!
* * * LOW HITPOINT WARNING * * *
You hold your ground!
You closely miss the fire dragon. You claw the fire dragon.
The fire dragon is severely wounded.
The fire dragon bites you.
* * * LOW HITPOINT WARNING * * *
The fire dragon claws you but does no damage.
You block the fire dragon's attack.
Your shield and scale mail prevent you from hitting the fire dragon.
You claw the fire dragon, but do no damage.
The fire dragon is severely wounded.
The fire dragon breathes flames at you. The blast of flame hits you!
You resist.
You die...

###...≈§§≈≈≈
#....≈≈≈§§≈§
#...≈≈≈§§§§§
##...≈≈§§≈≈§§
####....≈≈§§≈≈≈§
##.........§§§§§≈
##...#.##.......§.
#.≈###############
#@≈≈≈§§§#
#.∩.[D§≈≈§§§##
#≈)!.!§§≈≈≈≈#
##≈[.$§≈≈≈≈##
#≈≈≈≈§≈≈≈### #
#≈≈≈≈≈≈≈## #
##≈≈§≈### ###§§


You could see a fire dragon.

Vanquished Creatures
  Erica (D:8)
  3 two-headed ogres (D:8)
  An unseen horror (D:8)
  Psyche (D:8)
  A troll (D:8)
  4 fire bats (Volcano)
  A steam dragon (Volcano)
  A black bear (D:6)
  An ice beast (D:6)
  A necrophage (D:8)
  A sky beast (D:8)
  2 centaurs
  An ogre (D:4)
  4 wolves (D:8)
  A big kobold (D:7)
  A gnoll sergeant (D:8)
  4 bullfrogs
  A scorpion (D:8)
  3 electric eels (D:8)
  A crimson imp (D:4)
  2 bullfrog zombies (D:5)
  6 hounds
  A jelly (D:8)
  4 orc priests
  2 bullfrog skeletons (D:8)
  6 orc wizards
  A centaur skeleton (D:8)
  2 iguanas (D:8)
  Natasha (D:2)
  6 worker ants
  A hound zombie (D:6)
  2 hound skeletons (D:4)
  A worker ant zombie (D:5)
  3 gnolls (D:8)
  8 adders
  A shadow imp (D:8)
  An ooze (D:2)
  An adder zombie (D:8)
  An adder skeleton (D:4)
  4 worms
  2 dart slugs
  A leopard gecko (D:6)
  22 orcs
  A ball python (D:3)
  4 giant cockroaches
  6 goblins
  3 hobgoblins
  11 jackals
  6 kobolds
  7 quokkas
  A ball python skeleton (D:4)
  4 bats (D:2)
  2 frilled lizards (D:2)
  A leopard gecko zombie (D:7)
  6 rats
165 creatures vanquished.

Notes
Turn   | Place    | Note
-------+----------+-------------------------------------------
     0 | D:1      | Firebatgyro the Demonspawn Monk began the quest for the Orb.
     0 | D:1      | Reached XP level 1. HP: 18/18 MP: 1/1
   168 | D:2      | Reached skill level 3 in Unarmed Combat
   302 | D:2      | Gained mutation: You have sharp fingernails. [demonic ancestry]
   302 | D:2      | Reached XP level 2. HP: 20/24 MP: 2/2
  1026 | D:2      | Gained mutation: You have very sharp fingernails. [demonic ancestry]
  1026 | D:2      | Reached XP level 3. HP: 25/29 MP: 3/3
  1177 | D:2      | Reached skill level 4 in Unarmed Combat
  1388 | D:3      | Reached XP level 4. HP: 35/35 MP: 4/4
  1558 | D:3      | Found a sparkling altar of Nemelex Xobeh.
  1668 | D:3      | Noticed Natasha
  1765 | D:2      | Killed Natasha
  1954 | D:3      | Reached skill level 5 in Unarmed Combat
  2120 | D:4      | Noticed an ogre
  2241 | D:4      | Reached XP level 5. HP: 41/41 MP: 5/5
  2874 | D:4      | Reached skill level 6 in Unarmed Combat
  2888 | D:4      | Killed an ogre
  2888 | D:4      | Gained mutation: Your flesh is cold resistant. (rC+) [demonic ancestry]
  2888 | D:4      | Reached XP level 6. HP: 12/47 MP: 6/6
  3152 | D:5      | Entered Level 5 of the Dungeon
  3255 | D:5      | Found a radiant altar of Vehumet.
  3404 | D:5      | Reached skill level 7 in Unarmed Combat
  3517 | D:5      | Gained mutation: You have sharp toenails. [demonic ancestry]
  3517 | D:5      | Reached XP level 7. HP: 52/52 MP: 7/7
  4255 | D:6      | Reached skill level 8 in Unarmed Combat
  4552 | D:6      | Found a staircase to the Ecumenical Temple.
  4664 | D:6      | Reached skill level 9 in Unarmed Combat
  4664 | D:6      | Gained mutation: When hurt, damage is shared between your health and your magic reserves. [demonic ancestry]
  4664 | D:6      | Reached XP level 8. HP: 57/58 MP: 8/8
  4891 | D:7      | Found a shattered altar of Ashenzari.
  5275 | D:7      | Found an ornate altar of the Ieoh Jian Council.
  5275 | D:7      | Found an ancient bone altar of Kikubaaqudgha.
  5279 | D:7      | Became a worshipper of The Ieoh Jian Council
  5279 | D:7      | Reached * piety under Ieoh Jian
  5279 | D:7      | Reached ** piety under Ieoh Jian
  5502 | D:8      | Reached skill level 10 in Unarmed Combat
  5546 | D:8      | Noticed a troll
  5828 | D:8      | Found a staircase to the Lair.
  6057 | D:8      | Killed a troll
  6057 | D:8      | Reached skill level 11 in Unarmed Combat
  6057 | D:8      | Reached XP level 9. HP: 23/63 MP: 5/9
  6225 | D:8      | Noticed a two-headed ogre
  6238 | D:8      | Killed a two-headed ogre
  6238 | D:8      | Reached skill level 12 in Unarmed Combat
  6529 | D:8      | Noticed Psyche
  6723 | D:8      | Noticed Erica
  6755 | D:8      | Killed Erica
  6809 | D:8      | Killed Psyche
  6809 | D:8      | Reached skill level 13 in Unarmed Combat
  6809 | D:8      | Gained mutation: You have claws for hands. [demonic ancestry]
  6809 | D:8      | Reached XP level 10. HP: 38/70 MP: 10/10
  7151 | D:8      | Killed an unseen horror
  7260 | D:8      | Reached *** piety under Ieoh Jian
  7276 | D:8      | Noticed a two-headed ogre
  7277 | D:8      | Noticed a two-headed ogre
  7295 | D:8      | Killed a two-headed ogre
  7295 | D:8      | Reached skill level 14 in Unarmed Combat
  7322 | D:8      | Killed a two-headed ogre
  7533 | Lair:1   | Entered Level 1 of the Lair of Beasts
  7642 | Lair:1   | Found a dark tunnel.
  7650 | Volcano  | Entered a volcano
  7720 | Volcano  | Noticed a fire dragon
  7729 | Volcano  | Killed from afar by a fire dragon

Vault maps used:
D:1:      lightli_arrival_statue_moat, minmay_pentomino_o4
D:3:      nemelex_xobeh_ov_fountains_minmay, st_stairs_4, minmay_misc_feat_five,
          uniq_natasha
D:5:      vehumet_crystals, first_bread
D:7:      evilmike_ruin_ashenzari, gammafunk_temple_overflow_wave
D:8:      minmay_cornered_nines, erik_lair_island, uniq_psyche, uniq_erica
Lair:1:   lightli_volcano_entry_magma_tube, beast_lair_carwin_5,
          grunt_megastairs_3, minmay_lair_oklob_chamber, serial_bayou_shore_a
Volcano:  volcano_pools

Skill      XL: |  1  2  3  4  5  6  7  8  9 10 |
---------------+-------------------------------+-----
Unarmed Combat | 3 4 5 6 7 9 11 13 14 | 14.7
Fighting       | |  3.0
Dodging        | |  2.6
Stealth        | |  1.7

Action                   |  1- 3 |  4- 6 |  7- 9 | 10-12 || total
-------------------------+-------+-------+-------+-------++-------
Melee: Unarmed           |   121 |   148 |   307 |    86 ||   662
       Kick              |       |       |    83 |    23 ||   106
  Use: Scroll            |       |     4 |     1 |     1 ||     6
       Potion            |       |       |     6 |       ||     6
 Stab: Sleeping          |     5 |     5 |     1 |       ||    11
  Eat: Chunk             |     1 |     7 |    10 |     4 ||    22
Armor: Robe              |    31 |     6 |       |       ||    37
       Ring mail         |       |    14 |       |       ||    14
       Scale mail        |       |    24 |   106 |    45 ||   175
       Skin              |       |       |     6 |       ||     6
Dodge: Dodged            |    33 |    34 |    54 |    15 ||   136
Block: Shield            |    29 |    44 |   105 |    45 ||   223
